 Dungeon Crawl Stone Soup version 0.30-a0-672-gc3a7216ad8 (webtiles) character file.

Game seed: 3728720929847331824

1131 funkygono the Magician (level 8, -1/52 HPs)
             Began as a Demonspawn Fire Elementalist on Jan 18, 2023.
             Slain by an ogre
             ... wielding a +0 giant club
              (13 damage)
             ... on level 6 of the Dungeon.
             The game lasted 00:08:55 (3972 turns).

funkygono the Magician (DsFE)                       Turns: 3972, Time: 00:08:55

Health: -1/52      AC:  6    Str:  9    XL:     8   Next: 13%
Magic:  7/17       EV: 12    Int: 18    God:
Gold:   325        SH:  0    Dex: 14    Spells: 10/20 levels left

rFire   . . .      SeeInvis .    v - +3 mace (protect)
rCold   . . .      Faith    .    (no shield)
rNeg    + . .      Spirit   .    a - +0 robe
rPois   .          Reflect  .    (helmet restricted)
rElec   .          Harm     .    k - +0 cloak
rCorr   .          Rampage  .    (no gloves)
Will    .....                    i - +0 pair of boots
Stlth   ++                       (no amulet)
HPRegen 0.28/turn                l - ring of positive energy
MPRegen 0.30/turn                (no ring)

@: no status effects
A: horns 2, slimy green scales 1, ignite blood 1, magic regeneration
a: no special abilities


You were on level 6 of the Dungeon.
You visited 1 branch of the dungeon, and saw 6 of its levels.

You collected 325 gold pieces.

Inventory:

Hand Weapons
 d - a +0 dagger
 o - a +1 dagger of flaming
 q - a +0 whip
 t - a +0 dagger of draining
 v - a +3 mace of protection (weapon)
 w - a +5 short sword
Missiles
 j - 2 throwing nets
Armour
 a - a +0 robe (worn)
 g - a +0 leather armour
 i - a +0 pair of boots (worn)
 k - a +0 cloak (worn)
 n - the +0 robe of the Beggar {Harm +Inv rElec Int-2}
   (You found it on level 6 of the Dungeon)

   Int:       It affects your intelligence (-2).
   rElec:     It insulates you from electricity.
   +Inv:      It lets you turn invisible.
   Harm:      It increases damage dealt and taken.
Jewellery
 l - a ring of positive energy (left hand)
 r - a ring of ice
Wands
 f - a wand of flame (10)
Scrolls
 e - 2 scrolls of teleportation
 h - a scroll of identify
Potions
 m - a potion of flight
 s - a potion of heal wounds
 z - 2 potions of haste
 A - 2 potions of brilliance


   Skills:
 + Level 2.1 Dodging
 - Level 1.7 Stealth
 + Level 6.5 Spellcasting
 + Level 3.4 Conjurations
 + Level 5.8 Fire Magic


You had 10 spell levels left.
You knew the following spells:

 Your Spells              Type           Power      Damage    Failure   Level
a - Foxfire               Conj/Fire      88%        2x1d8     1%          1
b - Scorch                Fire           52%        2d8       1%          2
c - Kindle Blastsparks    Fire/Tloc/Air  24%        2d12      16%         3
d - Flame Wave            Conj/Fire      22%        2d8       17%         4

Your spell library contained the following spells:

 Spells                   Type           Power      Damage    Failure   Level
 Inner Flame              Hex/Fire       16%        N/A       11%         3
 Ozocubu's Armour         Ice            5%         N/A       34%         3
 Ozocubu's Refrigeration  Ice            2%         4d8       100%        7


Dungeon Overview and Level Annotations

Branches:
Dungeon (6/15)             Temple (0/1) D:6

Altars:
Kikubaaqudgha
Xom

Shops:
D:5 **


Innate Abilities, Weirdness & Mutations

You have a pair of horns on your head.
You are partially covered in slimy green scales. (AC +2)
Your demonic aura sometimes causes spilled blood to erupt in flames.
You regenerate magic rapidly.


Message History

The ogre is heavily wounded. (Press . to intensify the flame waves.)
The ogre hits you with a +0 giant club!!
Unknown command.
A wave of flame ripples out!
The flame wave engulfs the orc!
The orc is almost dead.
The flame wave engulfs the ogre!
The ogre is severely wounded.
You are engulfed in a cloud of scalding steam.
The orc hits you but does no damage.
Unknown command.
The orc attacks as you move away! The orc hits you with a +0 flail.
* * * LOW HITPOINT WARNING * * *
The orc is engulfed in a cloud of scalding steam.
You kill the orc!
Casting: Flame Wave (quite dangerous; 17% risk of failure)
Confirm with . or Enter, or press ? or * to list all spells.
Flames lash the orc.
You kill the orc!
The ogre closely misses you.
The orc wizard is engulfed in a cloud of scalding steam.
Unknown command.
Casting: Scorch (safe; 1% risk of failure)
Confirm with . or Enter, or press ? or * to list all spells.
Flames lash the orc wizard.
The orc wizard is almost dead.
The orc wizard's fire resistance burns away.
The ogre barely misses you.
Unknown command.
Casting: Scorch (safe; 1% risk of failure)
Confirm with . or Enter, or press ? or * to list all spells.
Flames lash the orc wizard.
The orc wizard is burned terribly!
You kill the orc wizard!
Unknown command.
Casting: Scorch (safe; 1% risk of failure)
Confirm with . or Enter, or press ? or * to list all spells.
Flames lash the ogre.
The ogre is almost dead.
The ogre's fire resistance burns away.
The ogre hits you with a +0 giant club!
You die...

###.≈≈≈≈≈≈...≈≈≈≈≈≈..##
....≈≈≈≈≈≈.>.≈≈≈≈≈≈....
...≈≈≈≈≈≈...≈≈≈≈≈≈.)..
#..≈≈≈≈≈≈≈≈≈≈≈≈≈)).##
###....≈≈≈≈≈≈≈≈≈..))...
.........≈≈≈≈≈....)..#.
.........).......†$..#.
....#.O<.............. .
#@###...#.##.##.#.
..........?......)......
#######.#...............
........##.#.##..#
..#.$.............#
..#..#.#.##.#.###.#
..#..#.#.##.#.# #
...#..#.#.##.#.. .
..#.##.###.


You could see an ogre (combustible).

Vanquished Creatures
  Menkaure (D:5)
  A black bear (D:4)
  A centaur (D:6)
  A phantom (D:5)
  3 scorpions
  A jelly (D:4)
  3 orc priests
  2 hounds
  3 iguanas (D:5)
  8 orc wizards
  4 adders (D:5)
  An ufetubus (D:5)
  3 worms
  15 orcs
  5 bats
  7 endoplasms
  5 giant cockroaches
  7 goblins
  12 hobgoblins
  3 jackals (D:2)
  6 quokkas
  5 ball pythons
  A frilled lizard (D:2)
  10 kobolds
  5 rats
113 creatures vanquished.

Vanquished Creatures (others)
  401 foxfires
401 creatures vanquished.

Grand Total: 514 creatures vanquished

Notes
Turn   | Place    | Note
-------+----------+-------------------------------------------
     0 | D:1      | funkygono the Demonspawn Fire Elementalist began the quest
                  | for the Orb.
     0 | D:1      | Reached XP level 1. HP: 13/13 MP: 3/3
   287 | D:1      | Gained mutation: You regenerate magic rapidly. [demonic
                  | ancestry]
   287 | D:1      | Reached XP level 2. HP: 19/19 MP: 1/5
   290 | D:1      | Learned a level 2 spell: Scorch
   724 | D:2      | Reached XP level 3. HP: 24/24 MP: 2/6
   728 | D:2      | Learned a level 3 spell: Kindle Blastsparks
  1391 | D:3      | Reached skill level 3 in Spellcasting
  1391 | D:3      | Gained mutation: You are partially covered in slimy green
                  | scales. (AC +2) [demonic ancestry]
  1391 | D:3      | Reached XP level 4. HP: 14/30 MP: 2/8
  1778 | D:3      | Noticed a scorpion
  1784 | D:3      | Killed a scorpion
  1785 | D:3      | Gained mutation: You have a pair of small horns on your
                  | head. [demonic ancestry]
  1785 | D:3      | Reached XP level 5. HP: 35/35 MP: 2/10
  2163 | D:3      | Learned a level 4 spell: Flame Wave
  2406 | D:4      | Reached skill level 4 in Spellcasting
  2406 | D:4      | Reached XP level 6. HP: 41/41 MP: 2/12
  3100 | D:5      | Entered Level 5 of the Dungeon
  3156 | D:5      | Reached skill level 5 in Spellcasting
  3156 | D:5      | Reached skill level 5 in Fire Magic
  3156 | D:5      | Gained mutation: Your demonic aura sometimes causes spilled
                  | blood to erupt in flames. [demonic ancestry]
  3156 | D:5      | Reached XP level 7. HP: 46/46 MP: 7/14
  3321 | D:5      | Noticed Menkaure
  3328 | D:5      | Killed Menkaure
  3473 | D:5      | Found an ancient bone altar of Kikubaaqudgha.
  3525 | D:5      | Found a shimmering altar of Xom.
  3680 | D:5      | Found Lorolol's General Store.
  3683 | D:5      | Found Muawaet's Specific Store.
  3789 | D:6      | Found a staircase to the Ecumenical Temple.
  3801 | D:6      | Reached skill level 6 in Spellcasting
  3926 | D:6      | Identified the +0 robe of the Beggar {Harm +Inv rElec
                  | Int-2}
  3947 | D:6      | Gained mutation: You have a pair of horns on your head.
                  | [demonic ancestry]
  3947 | D:6      | Reached XP level 8. HP: 48/52 MP: 4/17
  3972 | D:6      | Slain by an ogre

Illustrated notes

Levels and vault maps discovered:
D:1:      ebering_trefoil_twist, layout_rooms, minmay_misc_feat_four_crosses
D:2:      layout_rooms
D:3:      layout_loops_ring, wad_floor_pattern_2, minmay_misc_feat_x
D:4:      layout_basic
D:5:      layout_rooms, lemuel_crystal_altar,
          nicolae_kikubaaqudgha_miasma_corner, nicolae_specific_store,
          uniq_menkaure
D:6:      layout_basic, temple_pool_b, serial_park_tiny_pond

Skill      XL: |  1  2  3  4  5  6  7 |
---------------+----------------------+-----
Fire Magic     | 3 4 5 |  5.8
Spellcasting   | 3 4 5 6 |  6.5
Dodging        | 2 |  2.1
Conjurations   | 2 3 |  3.4
Stealth        | |  1.7

Action                   |  1- 3 |  4- 6 |  7- 9 || total
-------------------------+-------+-------+-------++-------
Melee: Dagger            |     4 |     1 |       ||     5
 Cast: Foxfire           |    75 |    83 |    67 ||   225
       Scorch            |     7 |    20 |    15 ||    42
       Flame Wave        |       |       |     1 ||     1
  Use: Scroll            |       |    13 |       ||    13
       Potion            |       |       |     2 ||     2
Armor: Robe              |    17 |     3 |     5 ||    25
Dodge: Dodged            |    15 |     4 |     9 ||    28

Table legend: (Time is in decaauts)
 A = Elapsed time spent in this place.
 B = Non-inter-level travel time spent in this place.
 C = Inter-level travel time spent in this place.
 D = Time resting spent in this place.
 E = Time spent auto-exploring this place.
 F = Levels seen in this place.
 G = Mean time per level.
                   A        B        C        D        E       F      G
               +--------+--------+--------+--------+--------+-----+--------+
         Total |   3969 |   3906 |     63 |    205 |   2965 |   6 |  661.5 |
       Dungeon |   3969 |   3906 |     63 |    205 |   2965 |   6 |  661.5 |
               +--------+--------+--------+--------+--------+-----+--------+

Top non-repeatable levels by time:
     D:4: 965 daAuts
     D:3: 812 daAuts
     D:2: 785 daAuts
     D:5: 652 daAuts
     D:1: 570 daAuts
     D:6: 182 daAuts
